Map: Dusk Towers

Players

Pokebunny

  • Race: Terran Terran
  • League: Grandmaster

RoO - Winner!

  • Race: Terran Terran
  • League: Grandmaster

VOD

Have the link to the VOD?

Description

Time

  • Played on: April 6, 2016, 3:59 p.m.
  • Length: 11:21
Show
View Real Time Build Order
Export as new Build Order

Pokebunny Terran 

Build Orders: 1/1/1, Bio Tank, Banshee Rush 

Get SALT Encoding   

  12  0:00  SCV  
  13  0:13  SCV  
  14  0:17  Supply Depot  
  14  0:25  SCV  
  14  0:28  Refinery  
  15  0:39  SCV  
  16  0:45  Barracks  
  16  0:51  SCV  
  17  1:03  SCV  
  18  1:15  SCV  
  19  1:32  Orbital Command, Marine  
  20  1:33  Factory  
  20  1:37  Supply Depot  
  20  1:50  Barracks Tech Lab  
  20  1:54  Refinery  
  20  1:58  SCV  
  21  2:10  SCV  
  22  2:18  Starport  
  22  2:19  Hellion, Marine  
  26  2:22  SCV  
  26  2:29  Supply Depot  
  25  2:38  Barracks Reactor  
  25  2:52  Command Center  
  25  2:54  Banshee  
  25  2:56  SCV  
  29  3:05  Cloaking Field  
  29  3:08  SCV  
  29  3:12  Supply Depot  
  30  3:16  Marine  
  30  3:17  Marine  
  32  3:21  SCV  
  33  3:34  Barracks  
  33  3:37  Banshee  
  36  3:41  Marine  
  36  3:42  Marine  
  36  3:45  SCV  
  36  3:47  Factory Tech Lab  
  39  3:53  Supply Depot  
  39  3:57  SCV  
  39  4:00  Marine x2  
  42  4:18  Marine  
  42  4:19  Marine  
  44  4:36  Marine  
  44  4:37  Siege Tank  
  44  4:38  Orbital Command, SCV  
  49  4:43  Starport Reactor  
  46  4:46  Marine x2, Stimpack  
  46  4:50  SCV  
  49  4:57  Barracks  
  47  5:01  Marine  
  48  5:09  Marine x2  
  48  5:11  Siege Tank  
  53  5:19  Medivac x2  
  53  5:20  SCV  
  55  5:22  SCV  
  56  5:30  Marine x3  
  59  5:41  Command Center  
  59  5:45  SCV x2  
  59  5:48  Barracks Reactor  
  61  5:56  Marine  
  61  5:57  Marine x2  
  62  5:58  Siege Tank  
  62  6:02  SCV  
  62  6:03  Supply Depot  
  68  6:05  Refinery, SCV  
  68  6:08  Refinery  
  69  6:23  Marine  
  69  6:24  Marine x4  
  69  6:25  Medivac  
  76  6:41  Marine  
  76  6:42  Marine  
  78  6:53  Siege Tank, Marine x3  
  84  6:57  Engineering Bay  
  84  6:59  Marine, Supply Depot  
  84  7:00  Engineering Bay  
  84  7:01  Orbital Command  
  85  7:04  SCV x2  
  85  7:11  Marine x2  
  85  7:12  Medivac  
  89  7:17  SCV x2  
  90  7:23  Combat Shields  
  90  7:25  Siege Tank  
  93  7:38  Marine x4  
  97  7:44  Marine  
  98  7:53  Medivac  
  98  7:57  Terran Infantry Armor Level 1, Supply Depot x2, Terran Infantry Weapons Level 1  
  100  8:00  Marine  
  101  8:15  Supply Depot  
  101  8:16  Supply Depot  
  101  8:18  Marine x4, Medivac, SCV x3  
  110  8:20  Supply Depot  
  110  8:23  Siege Tank  
  110  8:24  Medivac  
  108  8:51  Marine x3  
  108  8:52  Marine x2  
  108  8:53  SCV  
  108  8:54  SCV  
  110  8:55  SCV  
  110  8:58  Siege Tank, Medivac x2  
  109  9:06  SCV  
  105  9:14  Armory, Barracks x2  
  104  9:30  Siege Tank  
  107  9:33  Marine x2  
  107  9:34  Marine x2  
  107  9:36  Medivac x2  
  116  9:38  SCV x3  
  116  9:43  Refinery  
  116  9:44  Supply Depot  
  118  9:47  Marine  
  118  9:51  Marine  
  120  9:56  Factory, SCV x3  
  122  10:15  Marine x2, Medivac  
  122  10:16  Marine x3  
  122  10:19  Marine  
  122  10:20  Marine  
  131  10:24  Missile Turret  
  131  10:25  Missile Turret  
  127  10:33  Marine x2  
  127  10:34  Marine x3  
  122  10:41  SCV x3  
  122  10:42  Factory Tech Lab  
  120  10:43  Siege Tank  
  123  10:54  SCV x3  
  123  10:57  Marine x3  
  129  11:05  Missile Turret  
  129  11:06  Missile Turret  
Show
View Real Time Build Order
Export as new Build Order

RoO Terran - Winner!

Build Orders: Reaper Expand, Bio Tank 

Get SALT Encoding   

  12  0:00  SCV  
  13  0:12  SCV  
  14  0:18  Supply Depot  
  14  0:24  SCV  
  15  0:40  SCV  
  15  0:41  Barracks  
  16  0:45  Refinery  
  16  0:52  SCV  
  18  1:04  SCV  
  18  1:16  SCV  
  19  1:30  Orbital Command  
  19  1:31  Reaper  
  20  1:46  Command Center  
  20  1:56  SCV  
  20  1:57  Supply Depot  
  21  2:02  Marine  
  21  2:08  SCV  
  23  2:11  Factory  
  23  2:20  SCV  
  24  2:25  Refinery, Marine  
  25  2:32  SCV  
  26  2:43  Marine  
  27  2:44  SCV  
  27  2:55  Factory Tech Lab, Starport  
  27  2:57  SCV  
  27  2:58  Orbital Command  
  28  3:02  Barracks Reactor  
  28  3:09  SCV  
  29  3:20  Refinery  
  29  3:21  SCV  
  29  3:23  Factory Tech Lab, SCV  
  31  3:30  Supply Depot  
  31  3:33  SCV  
  32  3:35  SCV  
  32  3:39  Marine x2  
  35  3:43  Raven  
  35  3:45  SCV  
  38  3:52  SCV  
  39  3:56  Supply Depot  
  39  3:57  Marine x2, SCV  
  39  4:01  Cyclone  
  45  4:04  SCV  
  46  4:15  Marine x2  
  43  4:30  Viking  
  42  4:32  Marine  
  42  4:33  Marine  
  42  4:34  SCV  
  42  4:35  SCV  
  45  4:43  Siege Tank  
  48  4:46  SCV  
  48  4:47  SCV  
  48  4:50  Marine x2  
  52  4:58  SCV  
  53  5:01  SCV  
  53  5:04  Command Center  
  54  5:08  Marine x2  
  55  5:18  SCV  
  55  5:21  Siege Tank  
  55  5:22  SCV  
  55  5:24  Refinery  
  55  5:26  Engineering Bay  
  55  5:27  Engineering Bay  
  59  5:30  SCV  
  59  5:34  SCV  
  59  5:35  Barracks  
  61  5:36  Barracks  
  61  5:47  SCV  
  61  5:48  Stimpack  
  62  5:55  Terran Infantry Armor Level 1, Terran Infantry Weapons Level 1  
  62  5:56  Supply Depot  
  62  6:12  Viking, Marine, SCV x2, Siege Tank  
  62  6:15  Viking  
  62  6:17  Orbital Command  
  72  6:23  Barracks Reactor  
  72  6:24  Barracks Reactor  
  72  6:25  SCV x2  
  74  6:28  Missile Turret  
  74  6:37  SCV x2  
  75  6:42  Medivac  
  75  6:45  Siege Tank  
  82  6:48  SCV  
  82  6:49  SCV  
  82  6:54  SCV  
  85  6:56  Supply Depot  
  85  6:57  Supply Depot  
  85  7:01  SCV  
  87  7:02  Medivac  
  87  7:05  Marine x3  
  87  7:06  Orbital Command, Marine, SCV  
  92  7:09  Marine  
  92  7:13  SCV  
  93  7:18  SCV  
  94  7:23  Marine x3  
  94  7:24  Siege Tank, Marine  
  94  7:28  Missile Turret  
  101  7:30  SCV, Missile Turret  
  101  7:32  Missile Turret  
  101  7:34  Armory  
  101  7:36  Marine  
  105  7:45  Starport Reactor, Marine x4  
  105  7:47  SCV x2  
  109  7:56  Supply Depot  
  109  8:16  Combat Shields  
  109  8:18  Marine x5, SCV x2  
  116  8:20  SCV  
  116  8:21  Barracks  
  116  8:22  Barracks, Refinery x2  
  116  8:24  Missile Turret  
  116  8:26  Terran Infantry Weapons Level 2  
  117  8:36  Marine x3  
  111  8:44  Marine  
  111  8:45  Marine  
  111  8:46  Siege Tank  
  112  8:54  Marine x3  
  113  9:02  Marine  
  112  9:03  Marine  
  112  9:09  Medivac x2  
  115  9:11  SCV  
  115  9:15  Marine  
  115  9:16  Barracks Reactor x2, SCV  
  117  9:17  Barracks  
  117  9:18  Command Center  
  117  9:21  Barracks  
  117  9:36  Supply Depot x2  
  117  9:37  Supply Depot, Siege Tank, Marine x3, SCV x2  
  125  9:46  Factory  
  125  9:58  Marine x4, Medivac x2, SCV x2  
  135  10:00  Marine x2, Supply Depot x2  
  135  10:02  Marine  
  135  10:03  Marine  
  135  10:05  SCV  
  140  10:09  Siege Tank  
  140  10:12  Marine x2  
  140  10:13  Marine  
  140  10:16  Marine, SCV x2  
  143  10:24  Marine  
  143  10:27  Marine x2  
  143  10:28  Viking  
  143  10:37  Marine x2  
  143  10:41  Siege Tank, Marine x2  
  141  10:43  Marine x2  
  141  10:45  Marine x2, Medivac  
  141  10:49  Marine  
  147  10:50  Factory Tech Lab, Marine x2  
  147  10:54  Factory  
  147  10:55  Marine x2  
  152  10:59  Marine x2  
Tags
 
Add a new tag
Caveats
  • Supply blocks, unpowered buildings, or Contaminate may cause inaccurate times.
  • Supply counts are checked every 10 seconds.